 Dungeon Crawl Stone Soup version 0.21.1-1-g345015f (webtiles) character file.

1276 xccam the Carver (level 8, -7/90 (94) HPs)
             Began as a Purple Draconian Berserker on Mar 20, 2018.
             Was an Elder of Trog.
             Mangled by an ice beast (13 damage)
             ... on level 5 of the Dungeon.
             The game lasted 00:08:58 (4229 turns).

xccam the Carver (Purple Draconian Berserker)       Turns: 4229, Time: 00:08:58

HP:   -7/90 (94)    AC:  6    Str: 26    XL:     8   Next: 28%
MP:   17/17         EV: 13    Int:  7    God:    Trog [****..]
Gold: 567           SH:  0    Dex: 12    Spells: 7/7 levels left

rFire    . . .     SeeInvis +   a - +1 falchion
rCold    . . .     Gourm    .   (no shield)
rNeg     . . .     Faith    .   (armour unavailable)
rPois    .         Spirit   .   (helmet restricted)
rElec    .         Reflect  .   (no cloak)
rCorr    .         Harm     +   (no gloves)
MR       +....                  (no boots)
Stlth    ..........             k - amulet of harm
HPRegen  0.25/turn              h - ring of see invisible
MPRegen  0.15/turn              t - ring of magical power

@: berserking, slowed
A: breathe power, unfitting armour, cold-blooded, AC +6
a: Breathe Dispelling Energy, Berserk, Trog's Hand, Brothers in Arms, Burn
Spellbooks, Renounce Religion


You were on level 5 of the Dungeon.
You worshipped Trog.
Trog was greatly pleased with you.
You were not hungry.

You visited 1 branch of the dungeon, and saw 5 of its levels.
You also visited: Ossuary.

You collected 567 gold pieces.

Inventory:

Hand Weapons
 a - a +1 falchion (weapon)
Armour
 e - a +0 shield
 s - a +0 cloak
 x - a +0 pair of gloves
Jewellery
 h - a ring of see invisible (left hand)
 k - an amulet of harm (around neck)
 t - a ring of magical power (right hand)
Scrolls
 d - 6 scrolls of remove curse
 g - 2 scrolls of enchant armour {unknown}
 i - a scroll of random uselessness {unknown}
 l - a scroll of magic mapping {unknown}
 o - a scroll of teleportation
 w - a scroll of identify {unknown}
Potions
 c - 2 potions of invisibility {unknown}
 f - a potion of agility {unknown}
 j - 2 potions of haste {unknown}
 m - 3 potions of curing {unknown}
 n - 3 potions of flight {unknown}
 p - 3 potions of resistance {unknown}
 q - 3 potions of degeneration {unknown}
 r - a potion of heal wounds {unknown}
 u - a potion of brilliance {unknown}
 v - a potion of ambrosia {unknown}
 z - a potion of berserk rage {unknown}
Comestibles
 b - 5 rations
 A - 5 chunks of flesh


   Skills:
 + Level 3.5 Fighting
 + Level 10.3 Long Blades
 + Level 2.9 Dodging


You had 7 spell levels left.
You didn't know any spells.

Dungeon Overview and Level Annotations

Branches:
Dungeon (5/15)
 Temple: D:4-7

Altars:
Gozag
Kikubaaqudgha
Ru

Shops:
D:4 *


Innate Abilities, Weirdness & Mutations

You can breathe bolts of dispelling energy.
Your rich purple scales are hard. (AC +6)
You cannot fit into any form of body armour.
You are cold-blooded and may be slowed by cold attacks.


Message History

You start resting.
You barely miss the ice beast. You tail-slap the ice beast.
The ice beast is lightly wounded.
The ice beast hits you. The ice beast freezes you!
You feel yourself slow down.
You slash the ice beast!
The ice beast is heavily wounded.
The ice beast hits you. The ice beast freezes you!
* * * LOW HITPOINT WARNING * * *
You feel yourself speed up.
Okay, then.
A red film seems to cover your vision as you go berserk!
You feel yourself moving faster!
You feel mighty!
You feel a lot more hungry. The ice beast misses you.
You riposte.
You slash the ice beast!
The ice beast is almost dead.
You closely miss the ice beast.
The ice beast is almost dead.
The ice beast hits you.
* * * LOW HITPOINT WARNING * * *
The ice beast freezes you!
You feel yourself slow down.
You die...

#....^..........###..
##....###.........##.#
#.......'.........'...
#....###.........##.#
#..#.###........### #
#........#.....## #
####.######...## #.#
#.# #'## #.. #@# ...
### #Y####### #..
#...รท...# ._
#######....# ....Y..
....##. .#.## .#.. ..
.#


You could see an ice beast.

Vanquished Creatures
  The ghost of Curus the Insei, a novice MfTm (D:5)
  Sigmund (D:3)
  2 ice beasts (D:5)
  A sky beast (D:5)
  A necrophage (D:5)
  A centaur (D:5)
  2 hounds (D:5)
  A worker ant (D:4)
  2 big kobold zombies (Ossuary)
  8 mummies (Ossuary)
  4 adders
  3 river rats (D:4)
  2 shadow imps (D:5)
  An ooze (D:4)
  3 worms
  3 dart slugs
  A leopard gecko (D:4)
  An orc (D:4)
  2 ball pythons (D:4)
  11 giant cockroaches
  10 goblins
  7 hobgoblins
  18 jackals
  2 quokkas
  4 bats
  2 frilled lizards
  3 gnoll zombies (Ossuary)
  3 hobgoblin zombies (Ossuary)
  5 kobolds
  A leopard gecko skeleton (D:5)
  9 rats
115 creatures vanquished.

Notes
Turn   | Place    | Note
-------+----------+-------------------------------------------
     0 | D:1      | xccam the Draconian Berserker began the quest for the Orb.
     0 | D:1      | Reached XP level 1. HP: 19/19 MP: 1/1
   181 | D:1      | Reached XP level 2. HP: 26/26 MP: 2/2
   513 | D:1      | Reached skill level 4 in Long Blades
   560 | D:1      | Reached ** piety under Trog
   747 | D:2      | Reached XP level 3. HP: 31/31 MP: 3/3
  1098 | D:2      | Found a faded altar of an unknown god.
  1642 | D:2      | Reached XP level 4. HP: 36/38 MP: 4/4
  1737 | D:3      | Reached skill level 5 in Long Blades
  1977 | D:3      | Noticed Sigmund
  1985 | D:3      | Killed Sigmund
  1985 | D:3      | Reached skill level 6 in Long Blades
  1985 | D:3      | Reached XP level 5. HP: 45/45 MP: 5/5
  2250 | D:4      | Found Gozag's Platinum Reserve.
  2285 | D:4      | Found an opulent altar of Gozag.
  2344 | D:4      | Found a sand-covered staircase.
  2352 | D:4      | Reached XP level 6. HP: 44/51 MP: 6/6
  2369 | Ossuary  | Entered an ossuary
  2379 | Ossuary  | Reached *** piety under Trog
  2390 | Ossuary  | Reached skill level 7 in Long Blades
  3681 | D:5      | Entered Level 5 of the Dungeon
  3735 | D:5      | Noticed an ice beast
  3748 | D:5      | Killed an ice beast
  3748 | D:5      | Reached skill level 8 in Long Blades
  3748 | D:5      | Your scales start taking on a rich purple colour.
  3748 | D:5      | Reached XP level 7. HP: 42/57 MP: 7/7
  4063 | D:5      | Found an opulent altar of Gozag.
  4074 | D:5      | Reached **** piety under Trog
  4074 | D:5      | Reached skill level 9 in Long Blades
  4098 | D:5      | Noticed Curus's ghost (novice MfTm)
  4111 | D:5      | Killed Curus's ghost
  4111 | D:5      | Reached skill level 10 in Long Blades
  4111 | D:5      | Reached XP level 8. HP: 46/60 MP: 8/8
  4134 | D:5      | Found an ancient bone altar of Kikubaaqudgha.
  4180 | D:5      | Found a sacrificial altar of Ru.
  4229 | D:5      | Mangled by an ice beast

Skill      XL: |  1  2  3  4  5  6  7 |
---------------+----------------------+-----
Long Blades    | 4 6 8 10 | 10.3
Fighting       | |  3.5
Dodging        | |  2.9

Action                   |  1- 3 |  4- 6 |  7- 9 || total
-------------------------+-------+-------+-------++-------
Melee: Falchion          |   132 |   147 |    63 ||   342
       Tailslap          |    13 |    21 |    10 ||    44
Invok: Berserk           |       |     5 |     2 ||     7
       Trog's Hand       |       |     2 |     1 ||     3
  Use: Scroll            |       |     6 |       ||     6
  Eat: Chunk             |     2 |     4 |       ||     6
       Ration            |       |     2 |     2 ||     4
Armor: Skin              |    47 |    41 |    10 ||    98
Dodge: Dodged            |    91 |    67 |    48 ||   206
       Rpst.: Falchion   |    33 |    22 |    16 ||    71
